 Dungeon Crawl Stone Soup version 0.18.1-48-g4cf74bf (webtiles) character file.

23 poirepourri the Digger (level 3, 0/19 HPs)
             Began as a Gargoyle Earth Elementalist on July 7, 2016.
             Slain by a gnoll
             ... wielding a +0 halberd
              (15 damage)
             ... on level 1 of the Dungeon.
             The game lasted 00:02:13 (1167 turns).

poirepourri the Digger (GrEE)                       Turns: 1167, Time: 00:02:14

Health: 0/19       AC:  5    Str: 11    XL:     3   Next: 0%
Magic:  3/7        EV: 12    Int: 16    God:
Gold:   17         SH:  0    Dex: 10    Spells: 1 memorised, 6 levels left

rFire  . . .     SeeInvis .     (no weapon)
rCold  . . .     Gourm    .     a - +0 robe
rNeg   + . .     Faith    .     (no shield)
rPois  ∞         Spirit   .     (no helmet)
rElec  +         Dismiss  .     (no cloak)
rCorr  .         Reflect  .     (no gloves)
SustAt .         Harm     .     (no boots)
MR     .....                    (no amulet)
Stlth  ++........               (no ring)
                                (no ring)

@: not resistant to hostile enchantments, unstealthy
A: negative energy resistance 1, electricity resistance, unbreathing,
petrification resistance, rot immunity, AC +3
a: no special abilities


You were on level 1 of the Dungeon.
You were not hungry.

You visited 1 branch of the dungeon, and saw 1 of its levels.

You collected 17 gold pieces.

Inventory:

Missiles
 b - 5 stones (quivered)
Armour
 a - a +0 robe (worn)
Scrolls
 h - a scroll of blinking
Potions
 f - a potion of curing
Books
 c - a book of Geomancy

   Spells                             Type                      Level
   a - Sandblast                      Earth                        1
   b - Passwall                       Transmutation/Earth          2
   c - Stone Arrow                    Conjuration/Earth            3
   d - Petrify                        Transmutation/Earth          4
   e - Lee's Rapid Deconstruction     Earth                        5


   Skills:
 - Level 1.6 Dodging
 - Level 2.1 Stealth
 * Level 2.7 Spellcasting
   Level 0.7 Transmutations
 + Level 4.1 Earth Magic


You had 6 spell levels left.
You knew the following spells:

 Your Spells              Type           Power        Failure   Level  Hunger
a - Sandblast             Erth           ###...       4%          1    #......


Dungeon Overview and Level Annotations

Branches:
Dungeon (1/15)

Altars:


Innate Abilities, Weirdness & Mutations

You are resistant to torment.
Your stone body is resilient (AC +3).
You are immune to poison.
You resist negative energy.
You are resistant to electric shocks.
You can survive without breathing.
You are immune to petrification.
You are immune to rotting.


Message History

Press: ? - help, Shift-Dir - straight line, f/p - gnoll
Aim: a gnoll, wielding a halberd and wearing a leather armour The blast of sand hits the gnoll.
The gnoll barely misses you.
Unknown command.
Casting: Sandblast
Confirm with . or Enter, or press ? or * to list all spells.
Aiming: Sandblast
Press: ? - help, Shift-Dir - straight line, f/p - gnoll
Aim: a gnoll, wielding a halberd and wearing a leather armour The blast of sand misses the gnoll.
Casting: Sandblast
Confirm with . or Enter, or press ? or * to list all spells.
Aiming: Sandblast
Press: ? - help, Shift-Dir - straight line, f/p - gnoll
Aim: a gnoll, wielding a halberd and wearing a leather armour The blast of sand hits the gnoll.
The gnoll is lightly wounded.
The gnoll hits you from afar with a halberd!
Ouch! That really hurt!
You die...

#####.### ##.........).
#.#####..........#. #
#####.##......#....#### #..
##.........##.#..##.....
.....##..####...##....########
...............###..### #
..............#.....#
.......######.....#.##########
.....########@##........##....
.....#..)............##.##....
.... #.......g................
... #........................
... #.................###....
#........................
#.................######.
#.................# ##
########.........########


You could see a gnoll.

Vanquished Creatures
  A ball python (D:1)
  2 bats (D:1)
  2 goblins (D:1)
  3 hobgoblins (D:1)
  4 jackals (D:1)
  A giant newt (D:1)
  5 kobolds (D:1)
  3 rats (D:1)
21 creatures vanquished.

Notes
Turn   | Place    | Note
--------------------------------------------------------------
     0 | D:1      | poirepourri the Gargoyle Earth Elementalist began the quest for the Orb.
     0 | D:1      | Reached XP level 1. HP: 10/10 MP: 3/3
   266 | D:1      | Reached skill level 4 in Earth Magic
   266 | D:1      | Reached XP level 2. HP: 15/15 MP: 3/5
  1123 | D:1      | Reached XP level 3. HP: 19/19 MP: 4/7
  1167 | D:1      | Slain by a gnoll

Skill      XL: |  1 |
---------------+----+-----
Earth Magic    | 4 |  4.1
Dodging        | |  1.6
Stealth        | |  2.1
Spellcasting   | |  2.7
Transmutations | |  0.7

Action                   || total
-------------------------++-------
 Cast: Sandblast         ||    46
  Use: Scroll            ||     3
  Eat: Bread ration      ||     1
Armor: Robe              ||     8
Dodge: Dodged            ||    34
